 Dungeon Crawl Stone Soup version 0.23-a0-650-ga4d50d4d25 (webtiles) character file.

62058 Adamkad1 the Envoy of Void (level 15, -7/115 HPs)
             Began as a Formicid Abyssal Knight on Jan 4, 2019.
             Was a High Priest of Lugonu.
             Killed from afar by a fire dragon (42 damage)
             ... with a blast of flame
             ... on level 6 of the Lair of Beasts.
             The game lasted 00:58:51 (31479 turns).

Adamkad1 the Envoy of Void (FoAK)                  Turns: 31479, Time: 00:58:51

Health: -7/115     AC: 28    Str: 23    XL:     15   Next: 44%
Magic:  25/25      EV: 11    Int: 14    God:    Lugonu [*****.]
Gold:   464        SH: 13    Dex: 13    Spells: 14/14 levels left

rFire    . . .     SeeInvis +   Q - +3 battleaxe (venom)
rCold    . . .     Gourm    .   S - +0 shield {AC+3}
rNeg     . . .     Faith    .   K - +7 chain mail of Safeetz {rPois Int+2}
rPois    +         Spirit   .   (helmet unavailable)
rElec    .         Reflect  .   r - +2 cloak
rCorr    .         Harm     .   (no gloves)
MR       +....                  T - +1 pair of boots
Stlth    ..........             l - amulet of the acrobat
HPRegen  0.29/turn              k - ring of flight
MPRegen  0.19/turn              x - +3 ring of dexterity

@: no status effects
A: permanent stasis, dig shafts and tunnels, four strong arms, antennae 3
a: Dig, Shaft Self, Depart the Abyss, Bend Space, Banish, Corrupt, Enter the
Abyss, Renounce Religion, Evoke Flight


You were on level 6 of the Lair of Beasts.
You worshipped Lugonu.
Lugonu was extremely pleased with you.
You were hungry.

You visited 3 branches of the dungeon, and saw 21 of its levels.
You visited the Abyss 1 time.
You also visited: Ossuary and Bailey.

You collected 1183 gold pieces.
You spent 719 gold pieces at shops.

Inventory:

Hand Weapons
 o - a +0 demon whip of electrocution
 w - the +9 scimitar "Zenli" {venom, rPois Str+4 Int-2 Dex+6}
   (You found it on level 7 of the Dungeon)

   It poisons the flesh of those it strikes.
   It affects your strength (+4).
   It affects your intelligence (-2).
   It affects your dexterity (+6).
   It protects you from poison.
 G - a +2 short sword of flaming
 Q - a +3 battleaxe of venom (weapon)
Missiles
 y - 41 tomahawks of returning (quivered)
Armour
 r - a +2 cloak (worn)
 H - a +0 pair of boots
 K - the +7 chain mail of Safeetz (worn) {rPois Int+2}
   (You bought it in a shop on level 10 of the Dungeon)

   It affects your intelligence (+2).
   It protects you from poison.
 S - a +0 shield of protection (worn)
 T - a +1 pair of boots (worn)
 X - a +0 plate armour
Jewellery
 k - a ring of flight (left hand)
 l - an amulet of the acrobat (around neck)
 t - an uncursed ring of positive energy
 x - a +3 ring of dexterity (right hand)
 D - an uncursed amulet of faith
 I - an uncursed ring of stealth
 J - an uncursed ring of ice
 R - an uncursed amulet of magic regeneration
 V - an uncursed ring of fire
 Y - a +3 amulet of reflection {unknown}
Wands
 j - a wand of clouds (3)
 m - a wand of flame (10)
 n - a wand of iceblast (15)
 q - a wand of paralysis (23)
 v - a wand of random effects (18)
 F - a wand of acid (17)
 O - a wand of digging (6)
 P - a wand of enslavement (16)
 W - a wand of disintegration (9)
Scrolls
 b - a scroll of immolation {unknown}
 d - 8 scrolls of identify
 e - 7 scrolls of remove curse
 p - a scroll of enchant armour
 u - 3 scrolls of magic mapping
 E - a scroll of brand weapon {unknown}
 L - 2 scrolls of vulnerability {unknown}
 M - a scroll of amnesia
 N - a scroll of fear
 Z - a scroll of torment {unknown}
Potions
 f - a potion of berserk rage {unknown}
 g - 2 potions of lignification {unknown}
 h - 5 potions of might
 i - 5 potions of curing
 s - 2 potions of cancellation
 z - 4 potions of heal wounds
 A - 3 potions of flight
 B - 2 potions of brilliance
 C - 4 potions of mutation {unknown}
 U - a potion of ambrosia
Comestibles
 a - 14 chunks of flesh
 c - 25 rations


   Skills:
 + Level 10.0 Fighting
 + Level 5.4 Long Blades
 * Level 6.0(8.1) Axes
 - Level 8.4(9.3) Maces & Flails
 + Level 6.5 Throwing
 + Level 12.7 Armour
 + Level 6.0 Dodging
 + Level 13.3 Shields
 * Level 13.7 Invocations


You had 14 spell levels left.
You didn't know any spells.
Your spell library contained the following spells:

 Spells                   Type           Power        Failure   Level  Hunger
 Confusing Touch          Hex            #.....       82%         1    ##.....
 Magic Dart               Conj           #...         82%         1    ##.....
 Sandblast                Erth           #.....       82%         1    ##.....
 Shock                    Conj/Air       #...         82%         1    ##.....
 Corpse Rot               Necr           N/A          91%         2    ###....
 Passwall                 Tmut/Erth      #.......     91%         2    ###....
 Searing Ray              Conj           #.....       91%         2    ###....
 Swiftness                Chrm/Air       #.......     91%         2    ###....
 Confuse                  Hex            #.......     99%         3    ####...
 Dazzling Spray           Conj/Hex       #.....       99%         3    ####...
 Gell's Gravitas          Tloc           #.........   99%         3    ####...
 Static Discharge         Conj/Air       #.......     99%         3    ####...
 Stone Arrow              Conj/Erth      #.....       99%         3    ####...
 Airstrike                Air            #.........   100%        4    #####..
 Force Lance              Conj/Tloc      #.......     100%        4    #####..
 Fulminant Prism          Conj/Hex       #.........   100%        4    #####..
 Iskenderun's Mystic Bla  Conj           #.......     100%        4    #####..
 Leda's Liquefaction      Hex/Erth       #.........   100%        4    #####..
 Petrify                  Tmut/Erth      #.......     100%        4    #####..
 Lee's Rapid Deconstruct  Erth           #.........   100%        5    ######.
 Lightning Bolt           Conj/Air       #.........   100%        5    ######.
 Metabolic Englaciation   Hex/Ice        #.........   100%        5    ######.
 Summon Forest            Summ/Tloc      #.........   100%        5    ######.
 Yara's Violent Unravell  Hex/Tmut       #.........   100%        5    ######.
 Hydra Form               Tmut           #.........   100%        6    #######
 Summon Hydra             Summ           #.........   100%        7    #######


Dungeon Overview and Level Annotations

Branches:
Dungeon (14/15)            Temple (1/1) D:6            Lair (6/6) D:9
 Shoals (0/4) Lair:4       Spider (0/4) Lair:3        Slime (0/5) Lair:5
    Orc (0/2) D:11         Vaults (0/5) D:14

Altars:
Ashenzari
Cheibriados
Dithmenos
Elyvilon
Fedhas
Hepliaklqana
Kikubaaqudgha
Makhleb
Qazlal
Ru
Trog
Uskayaw
Vehumet
Wu Jian
Xom
Yredelemnul
Zin
Jiyva

Shops:
D:5 ([   D:7 [   D:9 }   D:10 *   D:11 *

Portals:
Trove: D:14 (give +8 demon trident)

Annotations:
D:4 2 transporters, Azzok's ghost, amateur DsFE
D:10 3 runed doors, dondy's ghost, journeyman DsMo; feta's ghost, journeyman FoFi; temitten's ghost, novice NaFi
D:11 corrupted
Lair:3 exclusion: oklob plant


Innate Abilities, Weirdness & Mutations

You cannot be hasted, slowed, berserked, paralysed or teleported.
You can dig through walls and to a lower floor.
Your four strong arms can wield two-handed weapons with a shield.
You have a pair of large antennae on your head. (SInv)


Message History

The fire dragon is moderately wounded.
You are feeling hungry.
You block the fire dragon's attack.
The fire dragon claws you but does no damage.
The fire dragon tramples you but does no damage.
You slash the fire dragon!
The fire dragon is poisoned.
The fire dragon is moderately wounded.
The fire dragon closely misses you. You block the fire dragon's attack.
The fire dragon misses you.
You slash the fire dragon!
The fire dragon is heavily wounded.
You block the fire dragon's attack.
The fire dragon claws you but does no damage.
The fire dragon tramples you.
You hold your ground!
The fire dragon bites you! You block the fire dragon's attack. x2
You barely miss the fire dragon.
The fire dragon is heavily wounded.
The fire dragon breathes flames at you. The blast of flame hits you!
You die...

...♣♣ ≈≈P.♣♣
≈≈..♣ ♣♣ { ♣≈≈≈♣
♣≈♣ ♣♣≈≈≈♣ ♣.≈♣♣
♣♣≈≈≈≈♣ ≈≈≈P♣♣
♣♣≈≈≈.♣ ..♣≈≈.♣♣
♣♣≈≈D..♣ {
...≈..♣♣♣≈≈.@♣♣♣
♣≈..≈≈≈≈.♣♣
♣♣≈≈.†≈...♣
♣♣♣≈÷.P....♣♣
♣♣♣♣♣≈≈≈♣P.♣..♣♣
≈≈♣≈≈≈♣♣♣...♣♣♣
.≈≈≈≈≈...P.♣♣
♣♣.≈♣.♣P♣♣♣♣
♣♣♣♣♣♣♣♣♣


You could see a fire dragon.

Vanquished Creatures
  Gastronok (Lair:3)
  Frances (D:13)
  A fire dragon (Lair:5)
  A yaktaur captain (D:14)
  A hydra (D:12)
  2 tengu warriors (D:13)
  4 two-headed ogres
  A death knight (D:12)
  3 centaur warriors (D:14)
  Nergalle (Lair:3)
  A skeletal warrior (D:10)
  4 unseen horrors
  A wizard (D:14)
  A phantasmal warrior (D:11)
  Pikel (D:5)
  An ugly thing (D:13)
  A cyclops (D:11)
  A manticore (D:7)
  A merfolk siren (Lair:4)
  4 black mambas
  Psyche (D:11)
  6 elephants
  A guardian serpent (D:13)
  A torpor snail (Lair:6)
  2 gargoyles (D:13)
  5 centaur skeletons
  9 spiny frogs
  12 rime drakes
  2 yaktaurs (D:14)
  2 efreet (D:14)
  2 freezing wraiths
  9 komodo dragons
  3 merfolk
  4 trolls
  3 hornets
  Grinder (D:5)
  18 blink frogs
  4 hippogriffs
  14 slime creatures
  20 yaks
  A wyvern (D:14)
  2 wraiths (D:10)
  A basilisk (Lair:6)
  8 vampire mosquitoes
  10 steam dragons
  3 wargs (D:9)
  2 hungry ghosts
  2 acid dragons
  5 porcupines
  13 water moccasins
  Duvessa (D:6)
  A swamp drake (Lair:6)
  23 orc warriors
  2 eyes of draining
  A necrophage (D:9)
  5 ogres
  A phantom (D:9)
  2 sky beasts
  3 ice beasts
  9 wolves
  4 centaurs
  7 crocodiles
  2 big kobolds
  15 bullfrogs
  Dowan (D:6)
  5 scorpions
  16 killer bees
  2 howler monkeys (D:6)
  7 wights
  6 lava snakes
  5 crimson imps
  4 jellies
  2 centaur zombies
  A quasit (D:7)
  A bullfrog zombie (D:12)
  8 hounds
  A gnoll shaman (D:7)
  8 orc priests
  2 bullfrog skeletons
  2 iguanas
  14 orc wizards
  4 hell rats
  13 worker ants
  A big kobold zombie (Ossuary)
  3 mummies (Ossuary)
  15 gnolls
  A howler monkey skeleton (D:7)
  14 adders
  2 shadow imps
  2 oozes (D:1)
  An adder zombie (D:7)
  2 adder skeletons
  2 worms
  2 dart slugs
  6 leopard geckos
  77 orcs
  2 ball pythons
  8 giant cockroaches
  17 goblins
  10 hobgoblins
  9 jackals
  4 quokkas
  7 bats
  A frilled lizard (D:3)
  2 goblin zombies (Ossuary)
  A jackal zombie (D:6)
  24 kobolds
  A kobold zombie (Ossuary)
  3 orc zombies (Ossuary)
  A quokka skeleton (D:4)
  A quokka zombie (D:5)
  6 rats
  4 fungi
  3 plants
608 creatures vanquished.

Vanquished Creatures (others)
  Josephine (D:11)
  A hydra (D:12)
  Sonja (D:11)
  An orc knight (Bailey)
  2 molten gargoyles
  A rime drake (Lair:6)
  A wraith (D:11)
  A gnoll sergeant (D:11)
  A wight (D:14)
  A mummy (Ossuary)
  2 gnolls (D:11)
  2 fungi
  6 plants
21 creatures vanquished.

Grand Total: 629 creatures vanquished

Notes
Turn   | Place    | Note
-------+----------+-------------------------------------------
     0 | Abyss:1  | Adamkad1 the Formicid Abyssal Knight began the quest for
                  | the Orb.
     0 | Abyss:1  | Reached XP level 1. HP: 18/18 MP: 2/2
    38 | D:1      | Escaped the Abyss
   332 | D:1      | Reached skill level 1 in Dodging
   598 | D:1      | Reached XP level 2. HP: 23/24 MP: 3/3
   931 | D:1      | Reached XP level 3. HP: 29/29 MP: 4/4
  1297 | D:2      | Reached skill level 1 in Shields
  1304 | D:2      | Reached XP level 4. HP: 36/37 MP: 6/6
  1314 | D:2      | Reached ** piety under Lugonu
  1468 | D:2      | Found a snail-covered altar of Cheibriados.
  1813 | D:2      | Reached XP level 5. HP: 9/42 MP: 7/7
  2088 | D:2      | Found an ornate altar of the Wu Jian Council.
  2767 | D:3      | Reached XP level 6. HP: 34/48 MP: 8/8
  2976 | D:3      | Reached *** piety under Lugonu
  3683 | D:3      | Found an ancient bone altar of Kikubaaqudgha.
  3864 | D:4      | Found a sand-covered staircase.
  3944 | Ossuary  | Entered an ossuary
  4069 | Ossuary  | Reached XP level 7. HP: 48/55 MP: 10/10
  4770 | D:4      | Found a sacrificial altar of Ru.
  4866 | D:4      | You fall through a shaft!
  4866 | D:5      | Entered Level 5 of the Dungeon
  4866 | D:5      | Found Fotask's Weapon Boutique.
  5056 | D:5      | Noticed Grinder
  5067 | D:5      | Killed Grinder
  5067 | D:5      | Reached skill level 5 in Armour
  5067 | D:5      | Reached skill level 5 in Invocations
  5067 | D:5      | Reached XP level 8. HP: 45/61 MP: 11/11
  5192 | D:5      | Noticed Pikel
  5204 | D:5      | Killed Pikel
  5204 | D:5      | Reached skill level 5 in Fighting
  5204 | D:5      | Reached skill level 5 in Shields
  5444 | D:5      | Found a hide-covered altar of Uskayaw.
  5593 | D:4      | Found a transporter.
  5595 | D:4      | Noticed Azzok's ghost (amateur DsFE)
  5596 | D:4      | Identified the +3 great mace of the Sky {protect, +Fly
                  | Str+2 SInv}
  5599 | D:4      | Found a transporter.
  5869 | D:4      | Found a bloodstained altar of Trog.
  5989 | D:4      | Found a hazy altar of Hepliaklqana.
  6088 | D:5      | Found Weniosos's Antique Armour Boutique.
  6499 | D:5      | Found a shattered altar of Ashenzari.
  6678 | D:6      | Noticed Dowan
  6681 | D:6      | Noticed Duvessa
  6704 | D:5      | Reached XP level 9. HP: 26/68 MP: 13/13
  7118 | D:6      | Found a staircase to the Ecumenical Temple.
  7170 | D:6      | Reached **** piety under Lugonu
  7375 | D:6      | Killed Duvessa
  7399 | D:6      | Killed Dowan
  8035 | Temple   | Entered the Ecumenical Temple
  8211 | D:7      | Got an ivory scimitar
  8220 | D:7      | Identified the +9 scimitar "Zenli" {venom, rPois Str+4
                  | Int-2 Dex+6} (You found it on level 7 of the Dungeon)
  8352 | D:7      | Noticed a manticore
  8361 | D:7      | Killed a manticore
  8361 | D:7      | Reached skill level 1 in Long Blades
  8361 | D:7      | Reached skill level 5 in Maces & Flails
  8440 | D:7      | Found a blossoming altar of Fedhas.
  8452 | D:7      | Found a stormy altar of Qazlal.
  8572 | D:7      | Found a flagged portal.
  8591 | Bailey   | Entered a bailey
  8635 | Bailey   | Noticed an orc knight
  8684 | Bailey   | Reached XP level 10. HP: 71/76 MP: 15/15
  8814 | Bailey   | Banished an orc knight
  9775 | D:7      | Found a radiant altar of Vehumet.
  9843 | D:7      | Found Tiujare's Antique Armour Emporium.
 10342 | D:8      | Found a shimmering altar of Xom.
 10346 | D:8      | Reached skill level 1 in Throwing
 10600 | D:8      | Found a shadowy altar of Dithmenos.
 10807 | D:8      | Reached ***** piety under Lugonu
 11211 | D:9      | Noticed a two-headed ogre
 11468 | D:9      | Reached XP level 11. HP: 83/83 MP: 17/17
 11584 | D:9      | Killed a two-headed ogre
 11992 | D:9      | Found a staircase to the Lair.
 12114 | D:9      | Found Fuihivan's Gadget Shoppe.
 12352 | D:10     | Entered Level 10 of the Dungeon
 12548 | D:10     | Found Jutyuklon's Assorted Antiques.
 12556 | D:10     | Bought a twisted chain mail for 285 gold pieces
 12566 | D:10     | Identified the +7 chain mail of Safeetz {rPois Int+2} (You
                  | bought it in a shop on level 10 of the Dungeon)
 12953 | D:10     | Noticed dondy's ghost (journeyman DsMo)
 12953 | D:10     | Noticed temitten's ghost (novice NaFi)
 12953 | D:10     | Noticed feta's ghost (journeyman FoFi)
 12954 | D:10     | Found a runed gate.
 12954 | D:10     | Found a runed gate.
 12954 | D:10     | Found a runed gate.
 13239 | D:11     | Noticed Psyche
 13248 | D:11     | Killed Psyche
 13248 | D:11     | Reached skill level 10 in Invocations
 13271 | D:11     | Found Hikerem's General Store.
 13300 | D:11     | Noticed a two-headed ogre
 13301 | D:11     | Noticed a cyclops
 13316 | D:11     | Killed a two-headed ogre
 13328 | D:11     | Killed a cyclops
 13654 | D:11     | Noticed Josephine
 13654 | D:11     | Noticed Sonja
 13846 | D:11     | Corrupted D:11
 13846 | D:11     | Noticed a starcursed mass
 13846 | D:11     | Noticed a large abomination
 13846 | D:11     | Noticed a thrashing horror
 13846 | D:11     | Noticed a green death
 13846 | D:11     | Noticed a shadow dragon
 13846 | D:11     | Noticed a red very ugly thing
 13847 | D:11     | Noticed a large abomination
 13847 | D:11     | Noticed a cyan very ugly thing
 13847 | D:11     | Noticed a tentacled starspawn
 13858 | D:11     | Killed Sonja
 13860 | D:11     | Killed Josephine
 14217 | D:11     | Found a staircase to the Orcish Mines.
 14334 | D:12     | Noticed a two-headed ogre
 14354 | D:11     | Reached XP level 12. HP: 77/91 MP: 19/19
 14451 | D:12     | Noticed an unseen horror
 14455 | D:12     | Killed an unseen horror
 14455 | D:12     | Reached skill level 10 in Shields
 14480 | D:12     | Killed a two-headed ogre
 14556 | D:12     | Noticed an eight-headed hydra
 14566 | D:12     | Banished an eight-headed hydra
 14763 | D:12     | Found a blossoming altar of Fedhas.
 14781 | D:12     | Reached skill level 10 in Armour
 15538 | D:12     | Noticed a death knight
 15540 | D:12     | Noticed a skeletal warrior
 16458 | D:10     | Killed a skeletal warrior
 17327 | D:12     | Killed a death knight
 17676 | D:12     | Noticed a four-headed hydra
 17693 | D:12     | Killed a four-headed hydra
 17693 | D:12     | Reached XP level 13. HP: 65/98 MP: 21/21
 17842 | D:12     | Found the +3 robe of Clouds {+Thunder rCloud rElec}
 18429 | D:13     | Noticed Frances
 18439 | D:13     | Killed Frances
 18439 | D:13     | Reached skill level 5 in Long Blades
 19649 | D:14     | Noticed a centaur warrior
 19817 | D:13     | Reached skill level 5 in Throwing
 20328 | D:14     | Noticed a centaur warrior
 20342 | D:14     | Killed a centaur warrior
 20601 | D:14     | Killed a centaur warrior
 21237 | D:14     | Noticed a centaur warrior
 21247 | D:14     | Noticed a yaktaur captain
 21249 | D:14     | Killed a centaur warrior
 21249 | D:14     | Reached skill level 5 in Dodging
 21258 | D:14     | Killed a yaktaur captain
 21258 | D:14     | Reached XP level 14. HP: 85/108 MP: 23/23
 21296 | D:14     | Found a gate to the Vaults.
 21340 | D:14     | Found a white marble altar of Elyvilon.
 21502 | D:14     | Found a portal to a secret trove of treasure.
 22173 | D:5      | Bought a +0 demon whip of electrocution for 434 gold pieces
 22291 | Lair:1   | Entered Level 1 of the Lair of Beasts
 22981 | Lair:1   | You fall through a shaft!
 24406 | Lair:2   | HP: 2/108 [molten gargoyle/bolt of magma (7)]
 24984 | Lair:3   | Noticed Gastronok
 25024 | Lair:3   | Reached skill level 1 in Axes
 25214 | Lair:3   | Found a hole to the Spider Nest.
 25561 | Lair:3   | Killed Gastronok
 25690 | Lair:3   | Noticed Nergalle
 25713 | Lair:3   | Killed Nergalle
 25796 | Lair:3   | Found a burning altar of Makhleb.
 26309 | Lair:3   | Identified a scroll of acquirement
 27656 | Lair:4   | Found a staircase to the Shoals.
 28071 | Lair:5   | Reached XP level 15. HP: 115/115 MP: 25/25
 28093 | Lair:5   | Found a basalt altar of Yredelemnul.
 28649 | Lair:5   | Found a staircase to the Slime Pits.
 28962 | Lair:5   | Found a viscous altar of Jiyva.
 29240 | Lair:6   | Entered Level 6 of the Lair of Beasts
 30357 | Lair:5   | Reached skill level 5 in Axes
 31329 | Lair:6   | Reached skill level 10 in Fighting
 31479 | Lair:6   | Killed from afar by a fire dragon

Vault maps used:
D:1:      dpeg_arrival_rooms_c, corexii_item_surrounded_by_moat,
          corexii_item_surrounded_by_moat
D:2:      nicolae_overflow_hidden_temple, old_standard_altar, grunt_decor_cap,
          patterned_corridor
D:3:      lemuel_coloured_pillars_altar, minmay_divided_ellipse
D:4:      nicolae_ru_awakened_eye, marbit_many_paths, bloody_trog,
          gammafunk_ghost_smash, first_ration, enter_ossuary_1
D:5:      nicolae_overflow_crystal_walls, old_standard_altar, serial_shops,
          shop, shop, uniq_grinder, uniq_pikel
D:6:      minmay_temple_entry_arrows, kennysheep_crisscross,
          kennysheep_generic_room_8, uniq_duvessa
D:7:      grunt_temple_overflow_forces_of_nature, overflow_temple_1_default,
          enter_bailey_3, serial_shops, shop, minivault_4
D:8:      lemuel_doored_altar, st_stairs_12, kennysheep_flooded_box,
          grunt_ogre_cave
D:9:      erik_lair_orcish_takeover, serial_shops,
          nicolae_shop_competitors_out_of_business
D:10:     gammafunk_ghost_cemetery, serial_shops, shop
D:11:     orc_0_dummy, serial_shops, nicolae_shop_trees, uniq_sonja,
          uniq_psyche, uniq_josephine
D:12:     fedhas_bush_and_centaur_altar
D:13:     fake_guardian_serpent_vault, uniq_frances
D:14:     david_vaults_2, special_room, lemuel_round_altar,
          trove_entry_hex_spiral
Temple:   dpeg_chambers_temple
Lair:2:   chequers_serial_rivers_room_a, infiniplex_staircase_pool,
          grunt_megastairs_4
Lair:3:   cheibrodos_magma_flow, spider_nest_entry_web_field, basic_altar,
          minmay_lair_oklob_bushes, st_stairs_8, chequers_serial_rivers_large_a,
          uniq_gastronok, uniq_nergalle
Lair:4:   elwin_shoals_entry_stream
Lair:5:   slime_altar_1, basic_altar, serial_bayou_pond_d
Lair:6:   guppyfry_lair_end_dragon, bobbens_dragon_lair_wall
Ossuary:  ossuary_crypta
Bailey:   bailey_axe_4, bailey

Skill      XL: |  1  2  3  4  5  6  7  8  9 10 11 12 13 14 15 |
---------------+----------------------------------------------+-----
Dodging        | 1 3 4 5 6 |  6.0
Shields        | 1 2 3 4 5 7 8 9 11 12 13 | 13.3
Invocations    | 3 4 5 6 7 9 10 11 12 13 | 13.7
Armour         | 3 4 5 6 7 8 9 10 11 12 | 12.7
Fighting       | 4 5 6 7 8 9 10 | 10.0
Maces & Flails | 3 4 5 6 7 8 |  8.4
Long Blades    | 1 2 3 4 5 |  5.4
Throwing       | 1 3 4 5 6 |  6.5
Axes           | 3 6 |  6.0

Action                   |  1- 3 |  4- 6 |  7- 9 | 10-12 | 13-15 || total
-------------------------+-------+-------+-------+-------+-------++-------
Melee: Whip              |    68 |   287 |   195 |       |       ||   550
       Mace              |     4 |       |       |       |       ||     4
       Flail             |       |       |   242 |       |       ||   242
       Scimitar          |       |       |    22 |   526 |   424 ||   972
       Short sword       |       |       |       |    60 |       ||    60
       Battleaxe         |       |       |       |       |   523 ||   523
       Demon whip        |       |       |       |       |   151 ||   151
Throw: Tomahawk          |       |       |    11 |    14 |       ||    25
Invok: Bend Space        |       |     1 |       |     2 |     8 ||    11
       Banish            |       |       |     1 |     8 |     6 ||    15
       Corrupt           |       |       |       |     1 |       ||     1
 Abil: Evoke Flight      |       |       |     1 |     2 |       ||     3
  Use: Scroll            |     3 |     2 |     6 |     6 |     3 ||    20
       Potion            |       |       |    10 |       |     2 ||    12
 Stab: Sleeping          |       |       |     1 |       |       ||     1
  Eat: Chunk             |     1 |     9 |     9 |    29 |    29 ||    77
       Ration            |       |       |     2 |     1 |     6 ||     9
Armor: Leather armour    |    19 |    65 |   104 |       |       ||   188
       Scale mail        |       |       |    75 |    92 |       ||   167
       Chain mail        |       |       |       |   164 |   606 ||   770
       Skin              |       |       |       |     2 |       ||     2
Dodge: Dodged            |    30 |    99 |   257 |   324 |   570 ||  1280
Block: Shield            |    16 |   100 |   359 |   532 |   911 ||  1918
       Rpst.: Scimitar   |       |       |     4 |    67 |    49 ||   120

Table legend:
 A = Non-vault XP
 B = Vault XP
 C = Vault XP percentage of total XP
 D = Non-vault monster count
 E = Vault monster count
 F = Vault count percentage of total count
                 A         B        C        D         E       F
            +---------+---------+-------+---------+---------+-------
      Total |   64525 |   24130 |  27.2 |     460 |     148 |  24.3
            +---------+---------+-------+---------+---------+-------
        D:1 |      56 |       0 |   0.0 |      24 |       0 |   0.0
        D:2 |     112 |       0 |   0.0 |      20 |       0 |   0.0
        D:3 |     179 |     130 |  42.1 |      26 |      13 |  33.3
        D:4 |     161 |       0 |   0.0 |      16 |       0 |   0.0
        D:5 |     594 |     985 |  62.4 |      18 |       3 |  14.3
        D:6 |     309 |     224 |  42.0 |      12 |       2 |  14.3
        D:7 |    1117 |       8 |   0.7 |      20 |       4 |  16.7
        D:8 |    2214 |     267 |  10.8 |      39 |       3 |   7.1
        D:9 |    1868 |     563 |  23.2 |      15 |       6 |  28.6
       D:10 |    3674 |     416 |  10.2 |      34 |       2 |   5.6
       D:11 |    3154 |     454 |  12.6 |      10 |       1 |   9.1
       D:12 |    9106 |     110 |   1.2 |      55 |       1 |   1.8
       D:13 |    8825 |    2599 |  22.8 |      40 |       2 |   4.8
       D:14 |    8098 |    3270 |  28.8 |      24 |      29 |  54.7
     Lair:1 |    4143 |       0 |   0.0 |      16 |       0 |   0.0
     Lair:2 |    1495 |     722 |  32.6 |       9 |       2 |  18.2
     Lair:3 |    3569 |    4371 |  55.1 |      19 |      10 |  34.5
     Lair:4 |    7534 |    1077 |  12.5 |      30 |       3 |   9.1
     Lair:5 |    4874 |    1991 |  29.0 |      19 |       4 |  17.4
     Lair:6 |    3443 |    5611 |  62.0 |      14 |      24 |  63.2
    Ossuary |       0 |     142 | 100.0 |       0 |      12 | 100.0
     Bailey |       0 |    1190 | 100.0 |       0 |      27 | 100.0
            +---------+---------+-------+---------+---------+-------
